 Dungeon Crawl Stone Soup version 0.27.1-2-g3b301248ec (console) character file.

Game seed: 9855242676766022831

12021 om the Nimble (level 12, -13/83 HPs)
             Began as a Djinni Fire Elementalist on Sept 27, 2021.
             Was a Priest of Makhleb.
             Shot with an arrow by a centaur warrior (16 damage)
             ... on level 13 of the Dungeon on Oct 1, 2021.
             The game lasted 00:51:09 (16872 turns).

om the Nimble (Djinni Fire Elementalist)           Turns: 16872, Time: 00:51:10

Health: -13/83     AC:  9    Str: 10    XL:     12   Next: 15%
Gold:   581        EV: 17    Int: 18    God:    Makhleb [***...] SH:  0 Dex: 15

rFire    + + .     SeeInvis +   n - +2 dagger (elec)
rCold    x . .     Faith    .   (no shield)
rNeg     . . .     Spirit   .   E - +1 troll leather armour
rPois    ∞         Reflect  .   c - +2 helmet
rElec    .         Harm     .   (no cloak)
rCorr    .         Rampage  .   D - +0 pair of gloves
Will     +....                  (boots unavailable)
Stlth    ++........             (no amulet)
HPRegen  1.23/turn              w - ring of wizardry
MPRegen  0.00/turn              A - ring of see invisible

@: flying
A: sickness immunity, fire resistance 2, cold vulnerability 1, float, innate
caster, hp casting, extra vitality 1
a: Renounce Religion, Minor Destruction, Lesser Servant of Makhleb


You were on level 13 of the Dungeon.
You worshipped Makhleb.
Makhleb was most pleased with you.
You visited 2 branches of the dungeon, and saw 14 of its levels.
You also visited: Ice Cave.

You collected 581 gold pieces.

Inventory:

Hand Weapons
 n - a +2 dagger of electrocution (weapon)
Armour
 c - a +2 helmet (worn)
 k - a +2 leather armour of fire resistance
 D - a +0 pair of gloves (worn)
 E - a +1 troll leather armour (worn)
Magical Staves
 F - a staff of fire
Jewellery
 d - a +6 ring of strength
 q - a ring of protection from fire
 w - a ring of wizardry (left hand)
 y - an amulet of faith
 A - a ring of see invisible (right hand)
 B - a ring of ice
Wands
 j - a wand of iceblast (12)
 m - a wand of paralysis (6)
 r - a wand of polymorph (7)
 s - a wand of charming (16)
 t - a wand of flame (14)
 v - a wand of acid (10)
Scrolls
 z - a scroll of teleportation
 G - a scroll of fear
 I - 2 scrolls of blinking
 J - a scroll of enchant weapon
 K - a scroll of identify
Potions
 a - 2 potions of flight {unknown}
 e - 3 potions of ambrosia
 f - 2 potions of resistance
 g - a potion of mutation {unknown}
 h - a potion of haste {unknown}
 i - a potion of lignification {unknown}
 l - 2 potions of brilliance {unknown}
 o - 4 potions of curing
 p - a potion of might {unknown}
 u - 4 potions of berserk rage {unknown}
 x - 2 potions of degeneration {unknown}
 H - a potion of invisibility {unknown}


   Skills:
 - Level 6.0 Fighting
 + Level 5.3 Short Blades
 - Level 12.0 Dodging
 - Level 2.0 Stealth
 * Level 9.0 Spellcasting
 * Level 4.0 Invocations
 - Level 3.0 Evocations


You couldn't memorise any spells.
You knew the following spells:

 Your Spells              Type           Power      Damage    Failure   Level
a - Foxfire               Conj/Fire      100%       2x1d9     1%          1
b - Conjure Flame         Conj/Fire      40%        6-21      1%          3
c - Inner Flame           Hex/Fire       40%        N/A       1%          3
d - Sticky Flame          Conj/Fire      40%        2d6       1%          4
e - Fireball              Conj/Fire      20%        3d10      3%          5
f - Corona                Hex            44%        N/A       1%          1
g - Blink                 Tloc           N/A        N/A       1%          2
h - Tukima's Dance        Hex            40%        N/A       1%          3
i - Dispel Undead         Necr           40%        3d16      1%          4
j - Airstrike             Air            20%        N/A       1%          4
Your spell library was empty.

Dungeon Overview and Level Annotations

Branches:
Dungeon (12/15)            Temple (1/1) D:4            Lair (0/6) D:11
    Orc (0/2) D:11          IceCv (visited)

Altars:
Ashenzari
Cheibriados
Dithmenos
Elyvilon
Fedhas
Gozag
Hepliaklqana
Kikubaaqudgha
Makhleb
Nemelex Xobeh
Okawaru
Qazlal
Ru
Sif Muna
Trog
Uskayaw
Vehumet
Wu Jian
Xom
Yredelemnul
Zin
The Shining One

Shops:
D:12 (

Portals:
Gauntlet: D:13


Innate Abilities, Weirdness & Mutations

You are immune to sickness and miasma.
You are immune to poison.
Your flesh is very heat resistant. (rF++)
You are vulnerable to cold. (rC-)
You float through the air rather than walking.
You learn spells naturally, not from books.
Your magical power is your life essence.
You have superior vitality. (+4 HP)


Message History

The vampire mosquito is covered in liquid flames!
The vampire mosquito burns!
The vampire mosquito barely misses you. The vampire mosquito bites you.
Casting: Sticky Flame (mildly dangerous; 1% risk of failure)
Confirm with . or Enter, or press ? or * to list all spells.
Aiming: Sticky Flame (mildly dangerous; 1% risk of failure)
Press: ? - help, Shift-Dir - straight line, f - vampire mosquito, p - vampire mosquito
Aim: a vampire mosquito (100% to hit)
The sticky flame hits the vampire mosquito.
The vampire mosquito is moderately damaged.
The vampire mosquito is covered in liquid flames!
The vampire mosquito burns! x2; The vampire mosquito bites you.
The vampire mosquito misses you.
The vampire mosquito bites you but does no damage.
The vampire mosquito barely misses you.
The vampire mosquito burns! x2; The vampire mosquito bites you!
* * * LOW HITPOINT WARNING * * *
The vampire mosquito bites you.
* * * LOW HITPOINT WARNING * * *
A demon appears!
The vampire mosquito burns! x2
The vampire mosquito closely misses you.
The vampire mosquito bites you.
* * * LOW HITPOINT WARNING * * *
The vampire mosquito bites you.
* * * LOW HITPOINT WARNING * * *
You swap places.
The vampire mosquito burns!
You destroy the vampire mosquito!
Makhleb accepts your kill.
The vampire mosquito burns!
The centaur warrior shoots an arrow.
The arrow barely misses your neqoxec. The arrow hits you.
* * * LOW HITPOINT WARNING * * *
The vampire mosquito closely misses you.
The centaur warrior shoots an arrow.
The arrow hits your neqoxec!
Your neqoxec hits the vampire mosquito!
The vampire mosquito is destroyed!
Makhleb accepts your kill.
Your Spellcasting skill increases to level 9!
Your Invocations skill increases to level 4!
The centaur warrior unwields a +0 shortbow.
The centaur warrior hits your neqoxec.
The centaur warrior closely misses your neqoxec.
The centaur warrior shoots an arrow.
The arrow hits you!
You die...

##+## #...# #..(#
##.####+######
...#####.###.......#
.......@†3.#.......#
..###.###.c#.......#
.. ##cc.......# #..
##....#+## #..
##...+ .. #...# .
#...# ..........#
..c...#.#∩...
......#.#.....#
..... #.+.....#


You could see 3 centaur warriors and a friendly neqoxec (summoned).

Vanquished Creatures
  A two-headed ogre (D:12)
  A phantasmal warrior (D:13)
  A deep elf pyromancer (D:12)
  2 ugly things
  Maurice (D:8)
  4 gargoyles
  A dancing weapon (D:6)
  A troll (D:10)
  Grinder (D:4)
  A shadow (D:10)
  A vampire (D:12)
  2 wraiths
  3 wyverns (D:9)
  12 yaks
  A vampire mosquito (D:13)
  3 water moccasins
  A demonic crawler simulacrum (IceCv)
  2 black bears
  6 orc warriors
  3 ice beasts
  A necrophage (D:7)
  4 ogres
  An ugly thing simulacrum (IceCv)
  8 centaurs
  5 kobold brigands
  3 bullfrogs
  2 scorpions (D:4)
  A water moccasin skeleton (D:5)
  2 howler monkeys
  5 centaur zombies
  5 orc priests
  2 centaur skeletons
  A gnoll shaman (D:8)
  2 bullfrog skeletons (D:6)
  2 hounds
  A jelly (D:4)
  Ijyb (D:5)
  Terence (D:2)
  An iguana (D:7)
  13 orc wizards
  2 killer bee zombies
  A howler monkey zombie (D:6)
  8 gnolls (D:8)
  9 adders
  An ufetubus (D:4)
  A worm (D:2)
  5 dart slugs
  42 orcs
  5 bats
  7 endoplasms
  8 giant cockroaches
  6 goblins
  12 hobgoblins
  8 jackals
  4 quokkas
  11 ball pythons
  4 frilled lizards
  20 kobolds
  13 rats
276 creatures vanquished.

Vanquished Creatures (collateral kills)
  A vampire mosquito (D:13)
  A foxfire (D:3)
2 creatures vanquished.

Vanquished Creatures (others)
  A dancing weapon (D:12)
  569 foxfires
  4 plants (D:3)
574 creatures vanquished.

Grand Total: 852 creatures vanquished

Notes
Turn   | Place    | Note
-------+----------+-------------------------------------------
     0 | D:1      | om the Djinni Fire Elementalist began the quest for the
                  | Orb.
     0 | D:1      | Reached XP level 1. HP: 15/15 MP: 0/0
    71 | D:1      | Found a blossoming altar of Fedhas.
   169 | D:1      | Reached XP level 2. HP: 19/22 MP: 0/0
   319 | D:1      | Reached skill level 1 in Fighting
   679 | D:1      | Reached XP level 3. HP: 27/27 MP: 0/0
   679 | D:1      | Learned a level 1 spell: Corona
  1546 | D:1      | Reached XP level 4. HP: 26/32 MP: 0/0
  1772 | D:2      | Reached skill level 3 in Dodging
  2657 | D:2      | Reached XP level 5. HP: 36/38 MP: 0/0
  2657 | D:2      | Learned a level 2 spell: Blink
  2922 | D:2      | Noticed Terence
  2953 | D:2      | Killed Terence
  3742 | D:3      | Noticed an ogre
  3804 | D:2      | Killed an ogre
  3805 | D:2      | Reached skill level 4 in Dodging
  3805 | D:2      | Reached XP level 6. HP: 23/45 MP: 0/0
  4902 | D:4      | Noticed an ogre
  4907 | D:4      | Killed an ogre
  4953 | D:4      | Reached skill level 5 in Dodging
  4953 | D:4      | Reached XP level 7. HP: 45/50 MP: 0/0
  4953 | D:4      | Learned a level 3 spell: Tukima's Dance
  5281 | D:4      | Found a staircase to the Ecumenical Temple.
  5282 | D:4      | Noticed Grinder
  5528 | D:4      | Paralysed by Grinder for 6 turns
  5569 | D:4      | Killed Grinder
  5862 | D:4      | Reached XP level 8. HP: 55/58 MP: 0/0
  6292 | D:5      | Entered Level 5 of the Dungeon
  6347 | D:5      | Noticed Ijyb
  6367 | D:5      | Killed Ijyb
  6711 | D:5      | Reached skill level 5 in Spellcasting
  6922 | D:5      | Reached skill level 6 in Dodging
  7073 | D:5      | Found a sparkling altar of Nemelex Xobeh.
  7073 | D:5      | Found an opulent altar of Gozag.
  7408 | Temple   | Entered the Ecumenical Temple
  7504 | Temple   | Became a worshipper of Makhleb the Destroyer
  7570 | D:6      | Reached skill level 1 in Evocations
  7733 | D:6      | Noticed a yak
  7733 | D:6      | Noticed a yak
  7733 | D:6      | Noticed a yak
  8086 | D:6      | Found a basalt altar of Yredelemnul.
  8192 | D:6      | Noticed a yak
  8314 | D:6      | Noticed a yak
  8317 | D:6      | Reached XP level 9. HP: 45/62 MP: 0/0
  8317 | D:6      | Learned a level 4 spell: Dispel Undead
  8335 | D:5      | Reached skill level 7 in Dodging
  8546 | D:6      | Found a white marble altar of Elyvilon.
  8633 | D:6      | Found a blossoming altar of Fedhas.
  8705 | D:6      | Reached skill level 8 in Dodging
  8855 | D:5      | Reached skill level 9 in Dodging
  9348 | D:7      | Reached * piety under Makhleb
 10011 | D:7      | Reached skill level 10 in Dodging
 10246 | D:7      | Reached XP level 10. HP: 63/67 MP: 0/0
 10819 | D:8      | Noticed Maurice
 10902 | D:7      | Reached skill level 11 in Dodging
 11569 | D:8      | Reached skill level 12 in Dodging
 11645 | D:8      | Found a bloodstained altar of Trog.
 11656 | D:8      | Found a glowing silver altar of Zin.
 12309 | D:8      | Killed Maurice
 12310 | D:8      | Reached skill level 1 in Short Blades
 12668 | D:8      | Reached ** piety under Makhleb
 12729 | D:8      | Found a sacrificial altar of Ru.
 12804 | D:9      | Found a hazy altar of Hepliaklqana.
 12897 | D:9      | Reached skill level 5 in Fighting
 13295 | D:9      | Reached XP level 11. HP: 64/75 MP: 0/0
 13295 | D:9      | Learned a level 4 spell: Airstrike
 14428 | D:10     | Entered Level 10 of the Dungeon
 15559 | D:11     | Found a staircase to the Orcish Mines.
 15596 | D:11     | Reached *** piety under Makhleb
 15832 | D:11     | Found a staircase to the Lair.
 16011 | D:12     | Noticed a deep elf pyromancer
 16045 | D:12     | Reached skill level 1 in Invocations
 16142 | D:12     | Found Seaniu's Antique Weapon Boutique.
 16157 | D:12     | Noticed a two-headed ogre
 16166 | D:12     | HP: 2/76 [two-headed ogre (13)]
 16173 | D:12     | Found a frozen archway.
 16179 | IceCv    | Entered an ice cave
 16405 | D:12     | Killed a two-headed ogre
 16493 | D:12     | Killed a deep elf pyromancer
 16524 | D:12     | Noticed a red ugly thing
 16555 | D:12     | Killed a red ugly thing
 16556 | D:12     | Reached skill level 5 in Short Blades
 16742 | D:12     | You are sucked into a shaft and drop 1 floor!
 16748 | D:13     | Noticed a phantasmal warrior
 16752 | D:13     | Killed a phantasmal warrior
 16753 | D:13     | Reached XP level 12. HP: 74/83 MP: 0/0
 16844 | D:13     | Noticed a centaur warrior
 16844 | D:13     | Noticed a centaur warrior
 16844 | D:13     | Noticed a centaur warrior
 16854 | D:13     | Found a gate leading to a gauntlet.
 16860 | D:13     | Noticed a centaur warrior
 16871 | D:13     | HP: 2/83 [centaur warrior/arrow (5)]
 16872 | D:13     | Shot with an arrow by a centaur warrior

Illustrated notes

Levels and vault maps discovered:
D:1:      dpeg_arrival_lava_altar, layout_basic, minmay_worlds_worst_comb
D:2:      layout_basic, uniq_terence
D:3:      layout_basic, serial_bayou_crossing
D:4:      layout_rooms, temple_fountains, sigmund_army, uniq_grinder
D:5:      layout_loops_corners, grunt_temple_overflow_opulence,
          hangedman_decor_growths, hangedman_decor_diamond_cutter, uniq_ijyb
D:6:      layout_rooms, kennysheep_ying_yang, fedhas_altar_4
D:7:      layout_loops_corners, kennysheep_generic_room_8
D:8:      layout_rooms, nicolae_vehumet_altar_sigil,
          nicolae_sif_muna_little_library, nicolae_overflow_quartered_altars,
          nrook_campfire, uniq_maurice
D:9:      layout_basic, mainiacjoe_overflow_concentric_impassable
D:10:     layout_small_grid
D:11:     layout_rooms, lair_entry_dummy, david_orc_3, lemuel_old_faithful
D:12:     lemuel_flame_loot_2, layout_small_grid,
          portal_ice_cave_entry_pillars_2, serial_shops,
          nicolae_shop_behind_doors
D:13:     minmay_the_grid_octo_tiled_octocenter_mashed
          [minmay_the_grid_octo_empty, minmay_the_grid_octo_clover,
          minmay_the_grid_octo_clover_2, minmay_the_grid_octo_toaster,
          minmay_the_grid_octo_prize_star, minmay_the_grid_square_5x5_checkered,
          minmay_the_grid_square_5x5_six_small,
          minmay_the_grid_square_5x5_almost_minimal,
          minmay_the_grid_square_5x5_longway], layout_gridville, serial_shops,
          nicolae_stop_n_shop_2, gauntlet_entry_generic
Temple:   compressed_dpeg_circular_temple

Skill      XL: |  1  2  3  4  5  6  7  8  9 10 11 12 |
---------------+-------------------------------------+-----
Fighting       | 1 2 3 4 5 6 |  6.0
Stealth        | 2 |  2.0
Dodging        | 3 4 5 6 10 12 | 12.0
Spellcasting   | 3 4 5 6 7 8 9 |  9.0
Evocations     | 2 3 |  3.0
Short Blades   | 2 5 |  5.3
Invocations    | 3 4 |  4.0

Action                   |  1- 3 |  4- 6 |  7- 9 | 10-12 || total
-------------------------+-------+-------+-------+-------++-------
Melee: Dagger            |    17 |    12 |    38 |   124 ||   191
 Cast: Foxfire           |    50 |   104 |   111 |    73 ||   338
       Conjure Flame     |       |     6 |     3 |     1 ||    10
       Blink             |       |     5 |    10 |     8 ||    23
       Inner Flame       |       |     1 |       |       ||     1
       Sticky Flame      |       |       |    34 |    69 ||   103
       Tukima's Dance    |       |       |     2 |     4 ||     6
       Dispel Undead     |       |       |       |    15 ||    15
       Fireball          |       |       |       |    15 ||    15
       Airstrike         |       |       |       |    16 ||    16
Invok: Lesser Servant of |       |       |       |     1 ||     1
  Use: Scroll            |       |     2 |     6 |    11 ||    19
       Potion            |       |       |       |     3 ||     3
 Stab: Sleeping          |     1 |     2 |     4 |     1 ||     8
Armor: Robe              |     3 |     6 |     4 |       ||    13
       Leather armour    |       |       |    21 |    50 ||    71
       Troll leather arm |       |       |       |    29 ||    29
Dodge: Dodged            |    28 |    31 |   118 |   250 ||   427
